 Dungeon Crawl Stone Soup version 0.29.1-15-g9cfb28693d (webtiles) character file.

Game seed: 10203524615669001675

783955 Gabide the Conqueror (level 27, -3/149 HPs)
             Began as a Human Monk on May 2, 2023.
             Was a High Priest of Hepliaklqana.
             Killed from afar by an orb of fire (11 damage)
             ... with a bolt of fire
             ... on level 11 of a ziggurat.
             The game lasted 04:23:37 (74416 turns).

Gabide the Conqueror (Human Monk)                  Turns: 74416, Time: 04:23:39

Health: -3/149     AC: 53    Str: 39    XL:     27
Magic:  0/22       EV: 30    Int:  7    God:    Hepliaklqana [*****.]
Gold:   6806       SH: 12    Dex: 30    Spells: 44/44 levels left

rFire   + + +      SeeInvis +   a - +8 demon trident "Rift" {distort, reach+}
rCold   + + .      Faith    .   O - +3 buckler {rN+}
rNeg    + + .      Spirit   +   W - +12 gold dragon scales of the Vacuum {Fly rPois rF+ rC+ rCorr MP-9}
rPois   +          Reflect  .   T - +2 helmet "Suliumut" {rElec rF+ Regen+}
rElec   +          Harm     .   V - +2 cloak {Will+}
rCorr   +          Rampage  .   A - +2 pair of gloves {Str+3}
Will    +++..      NoCast   +   q - +2 pair of boots {Fly}
Stlth   ..........              z - amulet of Luolysu {Spirit -Cast Regen+ Str+6 Slay+2}
HPRegen 0.00/turn               R - ring of Hupn {MP-9 Str+4 Int-3 Dex+10 SInv}
MPRegen 0.18/turn               P - ring "Hifehean" {rN+ MP+9 Str+2}

@: about to teleport, resistant, flying, inhibited regen, studying Stealth,
unable to read, unable to drink
A: reduced essence, low MP 2, sense surroundings 1, screaming 1, strong 1,
inability to read after injury 2, MP-powered wands, [frail 3], [inhibited
regeneration], [subdued magic 2], [inability to drink after injury 1]
}: 6/15 runes: barnacled, slimy, silver, abyssal, demonic, gossamer
a: Renounce Religion, Recall Ancestor, Ancestor Identity, Transference, Idealise


You were on level 11 of a ziggurat.
You worshipped Hepliaklqana.
Hepliaklqana was extremely pleased with you.
You visited 14 branches of the dungeon, and saw 58 of its levels.
You visited Pandemonium 1 time, and saw 8 of its levels.
You visited the Abyss 5 times.
You visited 1 ziggurat, and saw 11 of its levels.
You also visited: Sewer and Bailey.

You collected 10037 gold pieces.
You spent 3231 gold pieces at shops.

Inventory:

Hand Weapons
 a - the +8 demon trident "Rift" (weapon) {distort, reach+}
   (You took it off a deep elf sorcerer on level 3 of the Elven Halls)

   It warps and distorts space around it, and may blink, banish, or inflict
   extra damage upon those it strikes.
   Unwielding it can cause banishment or high damage.
   It can reach especially far, and its reaching attacks ignore other creatures
   in the way.
 x - a +2 demon trident of freezing
 D - a +1 bardiche of flaming
Missiles
 t - 11 silver javelins (quivered)
 u - 2 throwing nets
Armour
 q - a +2 pair of boots of flying (worn)
 A - a +2 pair of gloves of strength (worn)
 O - a +3 buckler of positive energy (worn)
 T - the +2 helmet "Suliumut" (worn) {rElec rF+ Regen+}
   (You bought it in a shop on level 2 of the Orcish Mines)

   rF:        It protects you from fire.
   rElec:     It insulates you from electricity.
   Regen:     It increases your rate of health regeneration.
 V - a +2 cloak of willpower (worn)
 W - the +12 gold dragon scales of the Vacuum (worn) {Fly rPois rF+ rC+ rCorr MP-9}
   (You took it off a gnoll on level 11 of the Dungeon)

   rF:        It protects you from fire.
   rC:        It protects you from cold.
   rPois:     It protects you from poison.
   MP:        It affects your magic capacity (-9).
   Fly:       It grants you flight.
   rCorr:     It protects you from acid and corrosion.
Jewellery
 b - the ring "Cicubbab" {Wiz rElec rF+}
   (You found it on level 5 of a ziggurat)

   [ring of wizardry]

   It improves your spell success rate.
   rF:        It protects you from fire.
   rElec:     It insulates you from electricity.
 k - a ring of flight
 w - a ring of protection from cold
 y - a ring of fire
 z - the amulet of Luolysu (around neck) {Spirit -Cast Regen+ Str+6 Slay+2}
   (You found it on level 3 of the Elven Halls)

   [amulet of guardian spirit]

   It causes incoming damage to be divided between your reserves of health and
   magic.
   Str:       It affects your strength (+6).
   Slay:      It affects your accuracy & damage with ranged weapons and melee
   (+2).
   -Cast:     It prevents spellcasting.
   Regen:     It increases your rate of health regeneration.
 L - a +4 ring of slaying
 M - the ring "Huerrimp" {rElec Will++ rCorr AC+4 Dex-4}
   (You found it on level 1 of the Realm of Zot)

   [ring of protection]

   AC:        It affects your AC (+4).
   Dex:       It affects your dexterity (-4).
   rElec:     It insulates you from electricity.
   rCorr:     It protects you from acid and corrosion.
   Will:      It greatly increases your willpower.
 P - the ring "Hifehean" (right hand) {rN+ MP+9 Str+2}
   (You acquired it on level 9 of a ziggurat)

   [ring of magical power]

   Str:       It affects your strength (+2).
   rN:        It protects you from negative energy.
   MP:        It affects your magic capacity (+9).
 R - the ring of Hupn (left hand) {MP-9 Str+4 Int-3 Dex+10 SInv}
   (You took it off a deep elf annihilator on level 3 of the Elven Halls)

   [ring of see invisible]

   Str:       It affects your strength (+4).
   Int:       It affects your intelligence (-3).
   Dex:       It affects your dexterity (+10).
   MP:        It affects your magic capacity (-9).
   SInv:      It lets you see invisible.
 Y - the ring of the Invisible Hand {rElec Will+}
   (You found it on level 4 of the Spider Nest)

   [ring of willpower]

   rElec:     It insulates you from electricity.
   Will:      It increases your willpower.
Wands
 g - a wand of digging (5)
 m - a wand of paralysis (22)
 p - a wand of roots (59)
 F - a wand of acid (29)
Scrolls
 c - 13 scrolls of poison
 d - 6 scrolls of fear
 i - 5 scrolls of immolation
 j - 11 scrolls of blinking
 o - 11 scrolls of fog
 E - 18 scrolls of teleportation
 H - 6 scrolls of enchant weapon
 I - 3 scrolls of silence
 N - 4 scrolls of enchant armour
 S - 7 scrolls of magic mapping
 X - 3 scrolls of torment
Potions
 e - 12 potions of ambrosia
 h - 6 potions of mutation
 l - 4 potions of might
 n - 6 potions of heal wounds
 r - 11 potions of lignification
 s - 27 potions of curing
 B - 8 potions of berserk rage
 C - 3 potions of haste
 G - a potion of brilliance
 J - 3 potions of resistance
 K - 5 potions of magic
 Q - 3 potions of invisibility
 Z - 8 potions of attraction
Miscellaneous
 f - a phial of floods
 v - a phantom mirror (inert)
 U - a condenser vane


   Skills:
 O Level 27 Fighting
 + Level 25.7 Polearms
 - Level 24.0 Armour
 - Level 24.0 Dodging
 - Level 2.0 Stealth
 - Level 12.0 Shields
 - Level 9.0 Spellcasting
 - Level 24.0 Invocations


You had 44 spell levels left.
You didn't know any spells.
Your spell library contained the following spells:

 Spells                   Type           Power      Damage    Failure   Level
 Apportation              Tloc           2%         N/A       61%         1
 Beastly Appendage        Tmut           2%         N/A       61%         1
 Foxfire                  Conj/Fire      4%         2x1d4     61%         1
 Magic Dart               Conj           4%         1d3       61%         1
 Necrotise                Necr           4%         1d4       61%         1
 Sandblast                Erth           2%         2d4       61%         1
 Shock                    Conj/Air       4%         1d3       61%         1
 Slow                     Hex            4%         N/A       61%         1
 Summon Small Mammal      Summ           4%         N/A       61%         1
 Blink                    Tloc           2%         N/A       77%         2
 Call Imp                 Summ           1%         N/A       77%         2
 Passwall                 Tmut/Erth      0%         N/A       77%         2
 Searing Ray              Conj           2%         2d4       77%         2
 Wereblood                Tmut           1%         N/A       77%         2
 Call Canine Familiar     Summ           1%         N/A       94%         3
 Confusing Touch          Hex            1%         N/A       94%         3
 Conjure Flame            Conj/Fire      1%         6-21      94%         3
 Dazzling Flash           Conj/Hex       2%         N/A       94%         3
 Ignite Poison            Fire/Tmut/Pois 1%         N/A       94%         3
 Inner Flame              Hex/Fire       1%         N/A       94%         3
 Mephitic Cloud           Conj/Pois/Air  1%         N/A       94%         3
 Ozocubu's Armour         Ice            1%         N/A       94%         3
 Portal Projectile        Hex/Tloc       2%         N/A       94%         3
 Spider Form              Tmut/Pois      1%         N/A       94%         3
 Stone Arrow              Conj/Erth      2%         3d7       94%         3
 Summon Guardian Golem    Hex/Summ       1%         N/A       94%         3
 Tukima's Dance           Hex            1%         N/A       94%         3
 Vampiric Draining        Necr           1%         2d6       94%         3
 Airstrike                Air            0%         2d(1-17)  100%        4
 Anguish                  Hex/Necr       0%         N/A       100%        4
 Animate Armour           Summ/Erth      2%         N/A       100%        4
 Cause Fear               Hex            0%         N/A       100%        4
 Corpse Rot               Necr/Pois/Air  1%         N/A       100%        4
 Dispel Undead            Necr           1%         3d6       100%        4
 Flame Wave               Conj/Fire      1%         2d4       100%        4
 Fulminant Prism          Conj/Hex       0%         3d6       100%        4
 Hailstorm                Conj/Ice       1%         3d3       100%        4
 Ice Form                 Ice/Tmut       1%         N/A       100%        4
 Iskenderun's Mystic Bla  Conj/Tloc      1%         2d3       100%        4
 Leda's Liquefaction      Hex/Erth       0%         N/A       100%        4
 Olgreb's Toxic Radiance  Pois           1%         N/A       100%        4
 Passage of Golubria      Tloc           1%         N/A       100%        4
 Sticky Flame             Conj/Fire      1%         2d3       100%        4
 Summon Ice Beast         Ice/Summ       1%         N/A       100%        4
 Summon Lightning Spire   Summ/Air       1%         N/A       100%        4
 Agony                    Necr           1%         N/A       100%        5
 Alistair's Intoxication  Tmut/Pois      0%         N/A       100%        5
 Blade Hands              Tmut           0%         N/A       100%        5
 Borgnjor's Vile Clutch   Necr/Erth      0%         N/A       100%        5
 Fireball                 Conj/Fire      0%         3d3       100%        5
 Freezing Cloud           Conj/Ice/Air   0%         6-21      100%        5
 Iskenderun's Battlesphe  Conj           1%         2d6       100%        5
 Lee's Rapid Deconstruct  Erth           0%         3d5*      100%        5
 Lightning Bolt           Conj/Air       0%         1d11      100%        5
 Manifold Assault         Tloc           1%         N/A       100%        5
 Silence                  Hex/Air        0%         N/A       100%        5
 Summon Forest            Summ/Tloc      0%         N/A       100%        5
 Summon Mana Viper        Hex/Summ       1%         N/A       100%        5
 Yara's Violent Unravell  Hex/Tmut       0%         3d3       100%        5
 Conjure Ball Lightning   Conj/Air       0%         3x3d6     100%        6
 Death Channel            Necr           0%         N/A       100%        6
 Dispersal                Tloc           0%         N/A       100%        6
 Eringya's Noxious Bog    Tmut/Pois      0%         N/A       100%        6
 Iron Shot                Conj/Erth      0%         9d1       100%        6
 Simulacrum               Ice/Necr       0%         N/A       100%        6
 Starburst                Conj/Fire      0%         6d3       100%        6
 Statue Form              Tmut/Erth      0%         N/A       100%        6
 Dragon Form              Tmut           0%         N/A       100%        7
 Enfeeble                 Hex            0%         N/A       100%        7
 Haunt                    Necr/Summ      0%         N/A       100%        7
 Monstrous Menagerie      Summ           0%         N/A       100%        7
 Ozocubu's Refrigeration  Ice            0%         4d7       100%        7
 Spellforged Servitor     Conj/Summ      0%         N/A       100%        7
 Storm Form               Tmut/Air       0%         N/A       100%        7
 Summon Hydra             Summ           0%         N/A       100%        7
 Borgnjor's Revivificati  Necr           0%         N/A       100%        8
 Discord                  Hex            0%         N/A       100%        8
 Disjunction              Tloc           0%         N/A       100%        8
 Ignition                 Fire           0%         3d3       100%        8
 Lehudib's Crystal Spear  Conj/Erth      0%         10d2      100%        8
 Maxwell's Capacitive Co  Air            0%         ∞         100%        8
 Necromutation            Tmut/Necr      0%         N/A       100%        8
 Chain Lightning          Conj/Air       0%         2d1       100%        9
 Death's Door             Necr           0%         N/A       100%        9
 Dragon's Call            Summ           0%         N/A       100%        9


Dungeon Overview and Level Annotations

Branches:
Dungeon (15/15)            Temple (1/1) D:5            Lair (5/5) D:10
 Shoals (4/4) Lair:2       Spider (4/4) Lair:3        Slime (5/5) Lair:4
    Orc (2/2) D:12            Elf (3/3) Orc:2        Vaults (5/5) D:13
  Crypt (3/3) Vaults:3       Tomb (1/3) Crypt:3      Depths (4/4) D:15
   Hell (visited)             Dis (0/7) Hell            Geh (0/7) Hell
    Coc (0/7) Hell            Tar (0/7) Hell            Zot (5/5) Depths:4
  Sewer (visited)          Bailey (visited)

Altars:
Ashenzari
Cheibriados
Dithmenos
Elyvilon
Fedhas
Gozag
Hepliaklqana
Kikubaaqudgha
Makhleb
Nemelex Xobeh
Okawaru
Qazlal
Ru
Sif Muna
Trog
Uskayaw
Vehumet
Wu Jian
Xom
Yredelemnul
Zin
The Shining One
Jiyva
Lugonu

Shops:
D:2 *   Orc:1 =   Orc:2 [[[[(   Elf:1 *   Elf:2 [   Vaults:5 !(   Depths:2 :**

Portals:
Hell: Depths:1 Depths:2 Depths:3 Depths:4
Abyss: Lair:5 Depths:1 Depths:3 Depths:4
Pandemonium: Depths:2

Annotations:
Lair:3 3 runed translucent doors, Henri's ghost, journeyman TrGl; justviktor's ghost, journeyman DrCj; kalagan's ghost, journeyman DECj


Innate Abilities, Weirdness & Mutations

Your life essence is reduced to manifest your ancestor. (-10% HP)
Your magical capacity is very low. (-20% MP)
You passively map a small area around you.
You occasionally shout uncontrollably at your foes.
Your muscles are strong. (Str +4, Int/Dex -1)
You sometimes lose the ability to read scrolls when taking damage.
You expend magic power (3 MP) to strengthen your wands.
[You are extremely frail. (-30% HP)]
[You do not regenerate when monsters are visible.]
[Your spells are easier to cast, but less powerful.]
[You occasionally lose the ability to drink potions when taking damage.]


Message History

The fire crab breathes flames at you.
The blast of flame engulfs the orb of fire.
The orb of fire completely resists.
Unknown command.
Okay, then.
Unknown command.
Unknown command.
Unknown command.
You feel much better.
The orb of fire glows bright magenta.
The bolt of fire hits the hell hound.
The hell hound completely resists.
The bolt of fire hits you!! You resist.
You feel threatened and lose the ability to read scrolls!
You feel threatened and lose the ability to drink potions!
* * * LOW HITPOINT WARNING * * *
The orb of fire emits a lurid red light.
The bolt of fire hits the orb of fire.
The orb of fire completely resists.
The bolt of fire hits you! You resist.
* * * LOW HITPOINT WARNING * * *
You block the hell hound's attack.
The orb of fire emits a lurid red light.
The fireball explodes!
The fireball engulfs you! You resist.
* * * LOW HITPOINT WARNING * * *
The fireball engulfs the hell hound.
The hell hound completely resists.
The fireball engulfs the orb of fire.
The orb of fire completely resists.
The fireball engulfs the orb of fire.
The orb of fire completely resists.
The orb of fire glows bright magenta.
The fireball explodes!
The fireball engulfs you! You resist.
* * * LOW HITPOINT WARNING * * *
The fireball engulfs the orb of fire.
The orb of fire completely resists.
The fireball engulfs the orb of fire.
The orb of fire completely resists.
The fireball engulfs the orb of fire.
The orb of fire completely resists.
The efreet gestures at you.
The bolt of fire misses the orb of fire. x2
The bolt of fire hits the orb of fire.
The orb of fire completely resists.
The bolt of fire misses you.
The orb of fire emits a lurid red light.
The bolt of fire hits the orb of fire.
The orb of fire completely resists.
The bolt of fire hits you! You resist.
You die...

▓▓▓▓▓▓.▓▓▓▓▓▓
▓▓...........▓▓▓
........°.○○...▓
...........R....▓▓
........*........▓▓
...........t°*....▓
............○○*h○|▓
.............○☼**}▓▓
.............○**@:)▓
...............○∩}▓▓
................))▓
..................▓
.................▓▓
........ .......▓▓
....... ......▓
▓▓...., ,....▓▓ * *


You could see 6 orbs of fire, a fire crab, an efreet and a hell hound.

Vanquished Creatures
  the Royal Jelly (Abyss:4)
  5 dread liches
  An orb of fire (Zot:5)
  4 ancient liches
  A juggernaut (Depths:3)
  Boris (Vaults:5)
  Sojobo (Crypt:3)
  A royal mummy (Tomb:1)
  4 Killer Klowns
  A caustic shrike (shapeshifter) (Vaults:5)
  The ghost of KamiKatze the Sorcerer, a veteran DECj of Vehumet (Depths:4)
  11 golden dragons
  A profane servitor (Abyss:4)
  the Enchantress (Depths:4)
  A Tzitzimitl (Pan)
  2 bone dragons
  3 Brimstone Fiends (Pan)
  An electric golem (Zot:5)
  2 Hell Sentinels (Pan)
  2 Ice Fiends
  Jorgrun (Orc:1)
  6 tentacled monstrosities
  A pandemonium lord (Pan)
  3 liches
  17 Orb Guardians (Zot:5)
  2 searing wretches (Hell)
  A deep elf blademaster (Elf:2)
  2 titans
  3 deep elf master archers (Elf:3)
  A walking divine tome (Depths:2)
  7 sphinxes
  17 acid blobs
  A death cob (Zot:5)
  4 quicksilver dragons
  2 Executioners
  3 tentacled starspawn
  2 tengu reavers (Depths:3)
  2 ancient champions
  12 shadow dragons
  7 storm dragons
  2 draconian monks
  5 azure jellies
  5 fire giants
  A nagaraja (Zig:5)
  4 draconian knights
  3 revenants
  3 narguns
  3 emperor scorpions (Spider:4)
  3 balrugs
  A demonspawn warmonger (Pan)
  Donald (Orc:1)
  A deep elf sorcerer (Elf:1)
  2 orc warlords
  5 draconian scorchers
  7 rockslimes
  6 cacodemons (Pan)
  4 frost giants
  3 iron dragons
  3 ghouls
  4 draconian shifters
  9 vault wardens
  3 curse skulls
  3 deep elf elementalists (Elf:3)
  4 war gargoyles
  9 ghost moths
  4 spriggan defenders
  A demonspawn corrupter (Pan)
  4 ironbound preservers
  A juggernaut skeleton (Depths:3)
  23 very ugly things
  4 draconian annihilators
  10 stone giants
  4 draconian stormcallers
  2 demonspawn blood saints (Pan)
  A caustic shrike skeleton (Crypt:3)
  5 reapers
  8 quicksilver oozes
  A broodmother (Spider:4)
  2 bennus (Tomb:1)
  3 ironbound thunderhulks
  6 vampire knights
  Nessos (Lair:4)
  9 green draconians
  3 deep elf demonologists
  Azrael (D:15)
  5 deep elf annihilators
  4 lorocyprocas
  4 demonspawn black suns (Pan)
  9 black draconians
  4 dire elephants (Vaults:4)
  7 yellow draconians
  A wendigo (Zig:8)
  2 entropy weavers
  A bunyip (shapeshifter) (Depths:2)
  7 purple draconians
  Snorg (Lair:3)
  8 red draconians
  The ghost of unrecovered the Grappler, a journeyman DrTm of Ru (D:12)
  8 white draconians
  8 eidola
  6 ettins
  A blizzard demon (Hell)
  A spark wasp (Depths:2)
  2 deep elf death magi
  9 great orbs of eyes
  3 merfolk javelineers (Shoals:4)
  Josephine (D:15)
  2 crystal guardians (Vaults:4)
  3 deep elf high priests
  4 green deaths (Pan)
  4 merfolk impalers (Shoals:4)
  10 mummy priests
  4 jiangshi
  6 boulder beetles
  3 fire dragons
  3 rakshasas
  10 yaktaur captains
  An ogre mage (Vaults:5)
  Fannar (D:12)
  A jorogumo (Spider:3)
  5 ironbound frosthearts
  3 spriggan zombies
  3 catoblepae
  5 hydras
  3 spriggan air magi
  3 peacekeepers (Vaults:4)
  4 merfolk avatars
  A two-headed ogre (D:13)
  2 spriggan skeletons (Crypt:3)
  4 radroaches
  33 vault guards
  7 centaur warriors
  2 alligator snapping turtles (Shoals:4)
  10 ice dragons
  A stoker (Hell)
  4 deep troll shamans
  17 death scarabs (Tomb:1)
  2 satyrs
  3 tengu warriors
  15 dancing weapons
  2 hell hogs (Hell)
  3 deep troll earth magi
  A death yak (Lair:5)
  8 thrashing horrors
  An orc high priest (Orc:2)
  5 spriggan berserkers
  9 sun demons
  3 vampire magi
  7 hell knights (Hell)
  A titan zombie (Crypt:3)
  A shock serpent (shapeshifter) (D:15)
  13 deep elf knights
  14 soul eaters
  Amaemon (Lair:3)
  12 skeletal warriors
  4 wretched stars
  A sun moth (Spider:2)
  2 spatial maelstroms (Zig:10)
  2 anaconda zombies
  17 large abominations
  A shadow wraith (Crypt:2)
  2 pharaoh ants (Spider:3)
  7 sixfirhies
  17 deep trolls
  A bunyip zombie (Tomb:1)
  7 sea snakes
  A storm dragon skeleton (Crypt:2)
  4 iron trolls
  3 bog bodies
  A golden dragon zombie (Depths:3)
  2 glowing orange brains
  8 steelbarb worms
  8 shadow demons (Pan)
  2 orb spiders
  4 deep elf archers
  3 obsidian statues (Zig:10)
  5 wizards
  8 lindwurms
  3 orange crystal statues
  A kraken simulacrum (Hell)
  2 flayed ghosts
  An orb spider (shapeshifter) (Vaults:5)
  An anaconda skeleton (Crypt:3)
  A spriggan simulacrum (Crypt:2)
  A golden dragon skeleton (Crypt:3)
  8 ironbound convokers
  15 phantasmal warriors
  5 orc knights
  A harpy (shapeshifter) (Abyss:3)
  26 ugly things
  8 wolf spiders
  18 harpies
  13 deep elf zephyrmancers
  21 deep elf pyromancers
  16 necromancers
  A stone giant zombie (Crypt:3)
  A worldbinder (Abyss:2)
  4 orc sorcerers
  11 cyclopes
  7 shining eyes
  7 fauns
  A fire giant zombie (Depths:3)
  15 manticores
  A stone giant skeleton (Crypt:3)
  Maurice (D:11)
  6 merfolk sirens
  24 moths of wrath
  3 dire elephant zombies
  A guardian serpent (Zig:5)
  3 elephants (Lair:5)
  3 water nymphs
  8 black mambas
  7 torpor snails
  3 centaur zombies
  5 ice statues
  11 vault sentinels
  5 orange demons
  A naga mage (Zig:5)
  11 smoke demons
  An eye of devastation (Zig:6)
  6 rust devils
  14 demonic crawlers
  8 cane toads
  8 hellions
  2 unseen horrors
  6 komodo dragons
  7 yaktaurs
  5 tormentors
  A tengu conjurer (Depths:3)
  2 centaur skeletons
  14 hellwings
  A kobold demonologist (D:12)
  7 freezing wraiths
  2 rime drakes
  An alligator snapping turtle skeleton (Crypt:3)
  6 ancient zymes
  2 efreet
  3 hydra zombies
  4 red devils
  20 merfolk
  9 guardian mummies
  3 meliai
  2 trolls
  3 wind drakes
  3 polar bears
  3 hornets
  A pale draconian skeleton (Crypt:1)
  23 blink frogs
  A harpy skeleton (Tomb:1)
  Prince Ribbit (D:4)
  A tyrant leech (shapeshifter) (Vaults:5)
  10 tarantellas
  5 snapping turtles
  A death drake skeleton (Crypt:2)
  61 slime creatures
  A blink frog (shapeshifter) (Lair:5)
  2 slime creatures (shapeshifter) (Vaults:5)
  3 dream sheep (Shoals:1)
  11 raiju (Abyss:3)
  12 flying skulls
  16 culicivoras
  A stone giant simulacrum (Crypt:2)
  17 starcursed masses
  20 jumping spiders
  3 shadows
  7 ynoxinuls
  3 spriggans
  9 wraiths
  6 water elementals
  2 wyverns
  6 fire elementals
  2 golden eyes
  29 yaks
  A black mamba skeleton (Crypt:3)
  18 small abominations
  A neqoxec (Abyss:3)
  6 basilisks
  41 redbacks
  3 wargs
  6 vampire mosquitoes
  8 chaos spawn
  3 spatial vortices (Abyss:3)
  A naga (Zig:5)
  A demonspawn skeleton (Crypt:3)
  An acid dragon (Zot:1)
  A naga skeleton (Crypt:3)
  11 water moccasins
  A floating eye (Slime:5)
  3 hell hounds (D:15)
  24 orc warriors
  A meliai simulacrum (D:11)
  An ice beast (D:6)
  2 sky beasts
  5 black bears
  3 wolves (Lair:5)
  2 boggarts
  22 centaurs
  A torpor snail zombie (Crypt:2)
  An ogre (Orc:2)
  A draconian zombie (Crypt:2)
  5 bullfrogs
  A vine stalker zombie (Crypt:2)
  4 kobold brigands
  3 gnoll sergeants
  5 necrophages
  2 human simulacra
  A water moccasin zombie (Crypt:2)
  2 scorpions (D:7)
  2 earth elementals
  4 wights (D:6)
  8 wyvern skeletons (Crypt:3)
  Dowan (D:5)
  4 killer bees
  A yak skeleton (Crypt:1)
  An electric eel (Lair:2)
  4 howler monkeys
  2 quasits (Abyss:2)
  12 orc priests
  4 jellies
  2 hounds
  A gnoll bouda (D:6)
  An iguana (D:6)
  13 orc wizards
  9 hell rats
  12 mummies
  12 gnolls
  9 adders
  A river rat (Sewer)
  2 white imps (D:8)
  4 ufetubi
  3 worms
  3 dart slugs
  70 orcs
  2 bats
  6 endoplasms
  2 giant cockroaches
  4 hobgoblins
  2 jackals (D:3)
  6 quokkas
  5 ball pythons
  A dart slug zombie (Crypt:2)
  4 frilled lizards
  A frilled lizard skeleton (Crypt:1)
  A gnoll zombie (Crypt:1)
  3 goblins
  6 kobolds
  7 rats
  A spectral orc (D:14)
  A creeping inferno (Hell)
  6 fire vortices (Hell)
  5 starspawn tentacles
1907 creatures vanquished.

Vanquished Creatures (collateral kills)
  A dread lich (Zot:5)
  5 ancient liches
  An orb of fire (Zot:5)
  2 pandemonium lords (Pan)
  A curse toe (Zot:4)
  Geryon (Hell)
  2 golden dragons
  4 bone dragons
  A Tzitzimitl (Pan)
  Arachne (Spider:3)
  An electric golem (Zot:5)
  A hellephant (Abyss:4)
  A Hell Sentinel (Pan)
  4 liches
  2 searing wretches (Hell)
  10 tentacled monstrosities
  A walking earthen tome (Zig:10)
  3 titans
  6 Orb Guardians (Zot:5)
  A deep elf blademaster (Elf:3)
  A quicksilver dragon (Vaults:5)
  2 ancient champions
  6 acid blobs
  2 sphinxes
  9 tentacled starspawn
  A death cob (Zot:4)
  5 tengu reavers
  A draconian monk (Zot:4)
  5 shadow dragons
  5 storm dragons
  3 rockslimes
  7 azure jellies
  5 fire giants
  A revenant (Hell)
  6 deep elf sorcerers
  5 frost giants
  3 emperor scorpions (Spider:4)
  2 draconian scorchers
  A balrug (Depths:4)
  2 vault wardens
  3 draconian knights
  A caustic shrike zombie (Crypt:3)
  An iron dragon (Hell)
  6 deep elf elementalists (Elf:3)
  6 ghost moths
  Aizul (Spider:2)
  A cacodemon (Pan)
  A draconian stormcaller (Zot:5)
  11 very ugly things
  A war gargoyle (Hell)
  6 ghouls
  2 draconian annihilators (Zot:4)
  8 ironbound preservers
  8 stone giants
  8 quicksilver oozes
  A broodmother (Spider:4)
  3 reapers
  An ironbound thunderhulk (Vaults:3)
  2 entropy weavers (Spider:2)
  2 green draconians
  A spriggan defender (Depths:4)
  31 starcursed masses
  3 vampire knights
  3 spark wasps
  5 yellow draconians
  A demonspawn black sun (Pan)
  2 red draconians
  3 lorocyprocas (Pan)
  A deep elf demonologist (Elf:3)
  A deep elf annihilator (Elf:3)
  7 eidola
  4 white draconians
  2 purple draconians (Zot:3)
  A wendigo (Zig:8)
  2 merfolk impalers
  A blizzard demon (Pan)
  2 mummy priests (Tomb:1)
  A crystal guardian (Vaults:4)
  3 deep elf death magi
  4 merfolk javelineers
  An ettin (Vaults:5)
  4 yaktaur captains
  5 deep elf high priests (Elf:3)
  2 jiangshi (Crypt:2)
  9 ice dragons
  9 fire dragons
  5 great orbs of eyes
  Erolcha (Orc:1)
  A hell beast (Pan)
  2 vault guards
  2 boulder beetles
  An ogre mage (Vaults:5)
  2 ironbound frosthearts
  A spriggan air mage (Depths:2)
  An anaconda (Zig:5)
  A two-headed ogre (D:13)
  2 deep troll shamans
  3 rakshasas
  3 centaur warriors
  8 dancing weapons
  A merfolk aquamancer (Shoals:4)
  An alligator snapping turtle (Shoals:3)
  A death knight (D:14)
  A catoblepas (D:12)
  A satyr (Shoals:4)
  2 orc high priests (Orc:2)
  2 vampire magi
  6 death scarabs (Tomb:1)
  6 spriggan berserkers
  11 thrashing horrors
  A tengu warrior (Depths:4)
  2 deep troll earth magi
  4 hell hogs
  13 hell knights
  Nergalle (Lair:3)
  4 deep elf knights (Elf:2)
  A naga sharpshooter (Zig:9)
  5 soul eaters
  A skeletal warrior (D:14)
  11 sun demons
  An iron troll (Depths:2)
  7 wretched stars
  2 pharaoh ants
  8 sea snakes
  3 anaconda zombies
  2 shadow wraiths (Vaults:5)
  3 sixfirhies
  2 flayed ghosts
  A spatial maelstrom (Abyss:3)
  3 shadow demons (Pan)
  3 ironbound convokers
  2 steelbarb worms (Spider:4)
  5 deep trolls
  2 orb spiders
  3 orc knights
  2 lindwurms
  A deep elf archer (Elf:1)
  7 necromancers
  10 harpies
  6 wizards
  7 wolf spiders
  A bog body (Crypt:2)
  7 phantasmal warriors
  4 deep elf pyromancers
  10 deep elf zephyrmancers
  A stone giant zombie (Crypt:3)
  5 cyclopes
  3 orc sorcerers (Orc:2)
  4 moths of wrath
  9 ugly things
  2 manticores
  A merfolk siren (Shoals:1)
  An elephant (Zig:2)
  6 rust devils (Hell)
  4 fauns
  7 vault sentinels
  An apocalypse crab (Zig:1)
  A black mamba (Lair:4)
  2 torpor snails
  2 centaur zombies
  4 orange demons
  A water nymph (Shoals:1)
  8 demonic crawlers
  5 unseen horrors (Depths:1)
  5 smoke demons
  A black draconian zombie (Crypt:1)
  2 cane toads
  6 yaktaurs
  4 freezing wraiths
  An unseen horror (shapeshifter) (Elf:1)
  3 guardian mummies (Tomb:1)
  3 komodo dragons
  2 ice devils (Pan)
  6 hellwings
  8 merfolk
  11 large abominations
  A troll (D:10)
  A harpy zombie (Crypt:3)
  A yaktaur skeleton (Vaults:3)
  3 meliai
  3 wind drakes
  11 blink frogs
  A hydra skeleton (Hell)
  11 tarantellas
  2 tarantellas (shapeshifter)
  A sphinx simulacrum (Zig:8)
  3 hornets
  9 raiju (Abyss:3)
  A stone giant simulacrum (Tomb:1)
  4 dream sheep (Shoals:1)
  29 slime creatures
  4 snapping turtles
  An ettin zombie (Crypt:3)
  10 jumping spiders
  5 flying skulls
  A centaur simulacrum (D:15)
  2 wyverns (Lair:1)
  5 ynoxinuls
  4 culicivoras
  3 water elementals
  Sigmund (D:5)
  14 yaks
  An elf skeleton (Vaults:3)
  A shadow (D:11)
  4 spriggans
  4 wraiths
  A vampire (D:12)
  A tyrant leech zombie (Crypt:2)
  A fire elemental (Zig:11)
  3 basilisks
  A golden eye (Abyss:3)
  A hog (shapeshifter) (Vaults:5)
  22 redbacks
  7 chaos spawn
  A neqoxec (Zig:10)
  A spatial vortex (Abyss:3)
  A vampire mosquito (D:13)
  A hydra simulacrum (Hell)
  A warg (Orc:1)
  Duvessa (D:5)
  4 water moccasins
  9 orc warriors
  2 human skeletons (Vaults:3)
  9 centaurs
  A boggart (Elf:1)
  5 kobold brigands
  A necrophage (D:7)
  A bullfrog (D:10)
  A scorpion (D:10)
  A gnoll sergeant (D:12)
  3 small abominations
  A wyvern skeleton (Crypt:3)
  A wight (D:6)
  A cyclops skeleton (Crypt:1)
  4 killer bees
  A shapeshifter zombie (Crypt:1)
  An electric eel (Lair:5)
  2 black bear zombies (Crypt:1)
  An iron imp (Abyss:3)
  6 orc priests
  A jelly (D:4)
  A gnoll bouda (D:6)
  An iguana (D:4)
  9 orc wizards
  2 hell rats (Hell)
  13 gnolls
  A river rat (Sewer)
  4 adders
  A shadow imp (D:6)
  2 white imps
  3 worms (Sewer)
  36 orcs
  An endoplasm (D:3)
  5 giant cockroaches
  A hobgoblin (D:3)
  A jackal (D:3)
  9 kobolds
  A frilled lizard (D:3)
  A goblin (D:2)
  3 rats (Sewer)
  A ball lightning (Depths:4)
  4 fire vortices (Hell)
  10 starspawn tentacles
981 creatures vanquished.

Vanquished Creatures (others)
  A juggernaut (Depths:4)
  A draconian shifter (Zot:2)
  A satyr (Zig:9)
  A death scarab (Tomb:1)
  A naga sharpshooter (Zig:5)
  2 sixfirhies
  A necromancer (Abyss:4)
  3 yaktaurs
  A tormentor (Pan)
  A red devil (Pan)
  A spriggan (Depths:4)
  A golden eye (Abyss:4)
  A redback (Spider:4)
  A glowing shapeshifter simulacrum (Zig:8)
  24 knights
  11 ball lightnings (Depths:4)
  11 bushes (Lair:1)
  4 fire vortices (Hell)
  31 fungi
  A lurking horror (Abyss:3)
  54 plants
  19 starspawn tentacles
  4 tentacles (Hell)
  5 withered plants (Crypt:3)
181 creatures vanquished.

Grand Total: 3069 creatures vanquished

Notes
Turn   | Place    | Note
-------+----------+-------------------------------------------
     0 | D:1      | Gabide the Human Monk began the quest for the Orb.
     0 | D:1      | Reached XP level 1. HP: 18/18 MP: 1/1
   156 | D:1      | Reached XP level 2. HP: 5/24 MP: 2/2
   546 | D:1      | Reached XP level 3. HP: 29/29 MP: 3/3
  1457 | D:2      | Found a hazy altar of Hepliaklqana.
  1470 | D:2      | Became a worshipper of Hepliaklqana the Forgotten
  1470 | D:2      | Reached * piety under Hepliaklqana
  1470 | D:2      | Reached ** piety under Hepliaklqana
  1471 | D:2      | Remembered your ancestor Shunnareh as a knight
  1508 | D:2      | Reached XP level 4. HP: 32/32 MP: 4/4
  1801 | D:2      | Found a faded altar of an unknown god.
  1842 | D:2      | Found Gealin's Assorted Antiques.
  1850 | D:2      | Bought a scroll labelled BOR SIUPUUP for 22 gold pieces
  1850 | D:2      | Bought 2 scrolls labelled HAOPHE RIUMURR for 44 gold pieces
  1878 | D:2      | Reached XP level 5. HP: 37/37 MP: 5/5
  2253 | D:3      | Reached skill level 4 in Fighting
  2779 | D:3      | Noticed a black bear
  2789 | D:3      | Killed a black bear
  2790 | D:3      | Reached XP level 6. HP: 44/44 MP: 6/6
  2953 | D:3      | Found a faded altar of an unknown god.
  2958 | D:3      | Found a shimmering altar of Xom.
  3448 | D:4      | Reached XP level 7. HP: 49/49 MP: 7/7
  3463 | D:4      | Found a glowing drain.
  3514 | Sewer    | Entered a sewer
  3718 | Sewer    | Reached skill level 5 in Fighting
  3718 | Sewer    | Reached skill level 5 in Polearms
  3718 | Sewer    | Reached skill level 5 in Dodging
  3729 | Sewer    | Reached *** piety under Hepliaklqana
  3903 | Sewer    | Reached XP level 8. HP: 46/57 MP: 8/8
  4022 | Sewer    | Reached skill level 6 in Fighting
  4781 | D:5      | Entered Level 5 of the Dungeon
  4789 | D:5      | Noticed Dowan
  4792 | D:5      | Noticed Duvessa
  4793 | D:5      | Noticed Prince Ribbit
  4807 | D:5      | Killed Duvessa
  4813 | D:5      | Noticed Sigmund
  4820 | D:4      | Killed Prince Ribbit
  4821 | D:4      | Reached XP level 9. HP: 18/63 MP: 9/9
  5091 | D:5      | Killed Dowan
  5093 | D:5      | Killed Sigmund
  5094 | D:5      | Reached skill level 7 in Fighting
  5568 | D:5      | Found a staircase to the Ecumenical Temple.
  5886 | Temple   | Entered the Ecumenical Temple
  6748 | D:6      | Reached skill level 8 in Fighting
  6752 | D:6      | Reached XP level 10. HP: 58/72 MP: 10/10
  6839 | D:6      | Reached **** piety under Hepliaklqana
  7210 | D:6      | Reached skill level 9 in Fighting
  7416 | D:6      | Found a glowing silver altar of Zin.
  7416 | D:6      | Found a sparkling altar of Nemelex Xobeh.
  7424 | D:6      | Found a faded altar of an unknown god.
  7426 | D:6      | Found an ancient bone altar of Kikubaaqudgha.
  7428 | D:6      | Found a faded altar of an unknown god.
  7754 | D:7      | Found a flagged portal.
  7763 | Bailey   | Entered a bailey
  8401 | Bailey   | Reached XP level 11. HP: 62/80 MP: 11/11
  9602 | D:8      | Reached skill level 10 in Fighting
  9602 | D:8      | Reached skill level 10 in Polearms
  9602 | D:8      | Reached skill level 10 in Dodging
 11339 | D:10     | Entered Level 10 of the Dungeon
 11371 | D:10     | Found a staircase to the Lair.
 11768 | D:10     | Reached ***** piety under Hepliaklqana
 12308 | Lair:1   | Entered Level 1 of the Lair of Beasts
 12344 | Lair:1   | Reached skill level 11 in Fighting
 12369 | Lair:1   | Reached XP level 12. HP: 71/90 MP: 12/12
 13792 | Lair:2   | Reached skill level 12 in Fighting
 13799 | Lair:2   | Found a staircase to the Shoals.
 14446 | Lair:3   | Noticed Amaemon
 14463 | Lair:3   | Killed Amaemon
 14466 | Lair:3   | Reached XP level 13. HP: 54/97 MP: 13/13
 14615 | Lair:3   | Noticed Snorg
 14628 | Lair:3   | Killed Snorg
 14681 | Lair:3   | Found a hole to the Spider Nest.
 14772 | Lair:3   | Noticed a five-headed hydra
 14779 | Lair:3   | Killed a two-headed hydra
 14783 | Lair:3   | Found a runed translucent gate.
 14783 | Lair:3   | Found a runed translucent gate.
 14783 | Lair:3   | Found a runed translucent gate.
 14783 | Lair:3   | Noticed kalagan's ghost (journeyman DECj)
 14783 | Lair:3   | Noticed Henri's ghost (journeyman TrGl)
 14784 | Lair:3   | Noticed justviktor's ghost (journeyman DrCj)
 14837 | Lair:3   | Noticed Nergalle
 14855 | Lair:3   | Killed Nergalle
 14925 | Lair:3   | Noticed a catoblepas
 14939 | Lair:3   | Killed a catoblepas
 15392 | Lair:4   | Reached skill level 13 in Fighting
 15439 | Lair:4   | Found a staircase to the Slime Pits.
 15475 | Lair:4   | Noticed Nessos
 15489 | Lair:4   | Killed Nessos
 15907 | Lair:4   | Identified the +2 helmet "Goro" {rCorr}
 15960 | Lair:4   | Noticed a six-headed hydra
 15966 | Lair:4   | Killed a three-headed hydra
 16235 | Lair:5   | Entered Level 5 of the Lair of Beasts
 16245 | Lair:5   | Noticed a boulder beetle
 16257 | Lair:5   | Killed a boulder beetle
 16290 | Lair:5   | Noticed a catoblepas
 16304 | Lair:5   | Killed a catoblepas
 16329 | Lair:5   | Reached XP level 14. HP: 106/106 MP: 14/14
 16677 | Lair:5   | Reached skill level 14 in Fighting
 16816 | Abyss:2  | Cast into level 2 of the Abyss (spriggan)
 16896 | Abyss:2  | Noticed an Executioner
 16903 | Abyss:2  | Killed an Executioner
 16903 | Abyss:2  | Noticed a tentacled starspawn
 16920 | Abyss:2  | Killed a tentacled starspawn
 17010 | Abyss:2  | Noticed a green very ugly thing
 17034 | Abyss:2  | Noticed a starcursed mass
 17037 | Abyss:2  | Killed a green very ugly thing
 17176 | Abyss:2  | Noticed a tentacled starspawn
 17183 | Abyss:2  | Killed a tentacled starspawn
 17261 | Abyss:2  | Killed a lorocyproca
 17316 | Lair:5   | Escaped the Abyss
 17522 | Lair:5   | Reached XP level 15. HP: 107/114 MP: 15/15
 17532 | Lair:5   | Found the +1 robe of Vines {NoPotionHeal Regen++++}
 17533 | Lair:5   | Found a corrupted altar of Lugonu.
 17533 | Lair:5   | Found a one-way gate to the infinite horrors of the Abyss.
 18069 | D:11     | Reached skill level 15 in Fighting
 18069 | D:11     | Reached skill level 15 in Polearms
 18069 | D:11     | Reached skill level 15 in Dodging
 18155 | D:11     | Identified the +12 gold dragon scales of the Vacuum {Fly
                  | rPois rF+ rC+ rCorr MP-9}
 18849 | D:11     | Noticed Maurice
 18861 | D:11     | Killed Maurice
 18960 | D:11     | Reached ****** piety under Hepliaklqana
 19132 | D:11     | Found a sacrificial altar of Ru.
 19611 | D:12     | Noticed Fannar
 19673 | D:12     | Killed Fannar
 19763 | D:12     | Found a transporter.
 19798 | D:12     | Found a transporter.
 19799 | D:12     | Noticed unrecovered's ghost (journeyman DrTm)
 20107 | D:12     | Found a staircase to the Orcish Mines.
 20424 | D:13     | Found a gate to the Vaults.
 21188 | D:14     | Found a sparkling altar of Nemelex Xobeh.
 21239 | D:14     | Identified the +0 barding of Past Mistakes {rN+ Int+2
                  | Stlth-}
 21470 | D:14     | Reached skill level 16 in Fighting
 21505 | D:14     | Found a basalt altar of Yredelemnul.
 21574 | D:14     | Reached skill level 1 in Armour
 21580 | D:14     | Reached XP level 16. HP: 124/124 MP: 16/16
 21727 | D:15     | Entered Level 15 of the Dungeon
 21845 | D:15     | Noticed Azrael
 22007 | D:15     | Killed Azrael
 22008 | D:15     | Reached skill level 5 in Armour
 22158 | D:15     | Noticed Josephine
 22164 | D:15     | Killed Josephine
 22534 | D:15     | Found a staircase to the Depths.
 22655 | Orc:1    | Entered Level 1 of the Orcish Mines
 22671 | Orc:1    | Found Luel Wapnoh's Jewellery Shoppe.
 22689 | Orc:1    | Reached skill level 10 in Armour
 22871 | Orc:1    | Bought a +6 ring of strength for 576 gold pieces
 22976 | Orc:1    | Noticed Jorgrun
 22989 | Orc:1    | Killed Jorgrun
 23239 | Orc:2    | Entered Level 2 of the Orcish Mines
 23255 | Orc:2    | Found a staircase to the Elven Halls.
 23255 | Orc:2    | Noticed Donald
 23609 | Orc:1    | Killed Donald
 24175 | Orc:2    | Found Rist's Weapon Emporium.
 24803 | Orc:2    | Found Ziraima's Armour Shop.
 24803 | Orc:2    | Found Buzus's Antique Armour Emporium.
 24805 | Orc:2    | Found Qim Too's Antique Armour Emporium.
 24805 | Orc:2    | Found Silif's Armour Shop.
 24811 | Orc:2    | Bought a jewelled cloak for 323 gold pieces
 24811 | Orc:2    | Identified the +1 cloak of the Tundras {rCorr Dex+4 Stlth-}
                  | (You bought it in a shop on level 2 of the Orcish Mines)
 24816 | Orc:2    | Bought the +2 helmet "Suliumut" {rElec rF+ Regen+} for 603
                  | gold pieces
 25055 | Orc:1    | Noticed Erolcha
 25064 | Orc:1    | Killed Erolcha
 25290 | Shoals:1 | Entered Level 1 of the Shoals
 25381 | Shoals:1 | Reached XP level 17. HP: 120/129 MP: 8/17
 25828 | Shoals:1 | Reached skill level 15 in Armour
 26983 | Shoals:3 | Reached skill level 1 in Invocations
 27266 | Shoals:3 | Reached skill level 5 in Invocations
 27865 | Shoals:4 | Entered Level 4 of the Shoals
 28410 | Shoals:4 | Reached XP level 18. HP: 129/135 MP: 15/24
 28456 | Shoals:4 | Got a barnacled rune of Zot
 28597 | Shoals:4 | Found the ring of Shadows {Umbra +Inv Stlth+}
 28665 | Shoals:4 | Reached skill level 10 in Invocations
 29316 | Spider:1 | Entered Level 1 of the Spider Nest
 30649 | Spider:2 | Noticed Aizul
 30659 | Spider:2 | Killed Aizul
 31220 | Spider:3 | Noticed Arachne
 31239 | Spider:3 | Killed Arachne
 31449 | Spider:3 | Reached XP level 19. HP: 118/141 MP: 21/30
 31462 | Spider:3 | Reached skill level 15 in Invocations
 32065 | Spider:4 | Entered Level 4 of the Spider Nest
 32397 | Spider:4 | Identified the ring of the Invisible Hand {rElec Will+}
 32641 | Spider:4 | Identified the +0 pair of gloves of Refuge {rPois rC-
                  | Int+3}
 32738 | Spider:4 | Got a gossamer rune of Zot
 33067 | Depths:1 | Entered Level 1 of the Depths
 33504 | Depths:1 | Reached XP level 20. HP: 149/149 MP: 23/32
 33680 | Depths:1 | Reached XP level 21. HP: 154/154 MP: 24/33
 33906 | Depths:1 | Found a gateway to Hell.
 33941 | Depths:1 | Found a hide-covered altar of Uskayaw.
 34584 | Depths:2 | Found Umet's Assorted Antiques.
 34587 | Depths:2 | Found Ciske's General Store.
 34589 | Depths:2 | Found Jebryts's Book Shoppe.
 34593 | Depths:2 | Bought a scroll labelled JUODWI INYK for 29 gold pieces
 34593 | Depths:2 | Bought a scroll of identify for 58 gold pieces
 34598 | Depths:2 | Bought a scroll of teleportation for 33 gold pieces
 34598 | Depths:2 | Bought a scroll of teleportation for 33 gold pieces
 34598 | Depths:2 | Bought a scroll of immolation for 44 gold pieces
 34598 | Depths:2 | Bought a potion of curing for 33 gold pieces
 34598 | Depths:2 | Bought 2 potions of curing for 66 gold pieces
 34996 | Depths:2 | Reached skill level 17 in Fighting
 35183 | Depths:2 | Found a one-way gate leading to the halls of Pandemonium.
 35263 | Depths:2 | Found a runed translucent door.
 35269 | Depths:2 | Found a runed translucent door.
 35608 | Depths:2 | Reached XP level 22. HP: 163/163 MP: 25/34
 35707 | Depths:3 | You are sucked into a shaft and drop 1 floor!
 35707 | Depths:4 | Entered Level 4 of the Depths
 35884 | Depths:4 | Noticed the Enchantress
 35908 | Depths:4 | Killed the Enchantress
 36154 | Depths:3 | Found an opulent altar of Gozag.
 36228 | Depths:3 | Reached XP level 23. HP: 155/169 MP: 26/35
 36476 | Depths:3 | Noticed a golden dragon
 36484 | Depths:3 | Killed a golden dragon
 36616 | Depths:3 | Found a one-way gateway to a ziggurat.
 36616 | Depths:3 | Noticed a dread lich
 36616 | Depths:3 | Noticed an ancient lich
 36853 | Depths:3 | Noticed a juggernaut
 36859 | Depths:3 | Killed a juggernaut
 36978 | Depths:3 | Identified the +5 dire flail of Perversion {holy, rF+}
 37038 | Depths:3 | Found a snail-covered altar of Cheibriados.
 37657 | Depths:4 | Reached skill level 18 in Fighting
 37687 | Depths:4 | Noticed a golden dragon
 37696 | Depths:4 | Killed a golden dragon
 38056 | Depths:4 | Found a gate to the Realm of Zot.
 38091 | Depths:4 | Found a runed translucent gate.
 38092 | Depths:4 | Found a runed translucent gate.
 38093 | Depths:4 | Found a runed translucent gate.
 38093 | Depths:4 | Noticed a juggernaut
 38093 | Depths:4 | Noticed KamiKatze's ghost (veteran DECj)
 38095 | Depths:4 | Identified the ring "Uninetta" {Ice Str+3}
 38181 | Depths:4 | Identified the +8 hand axe of Dithmenos's Vengeance
                  | {distort, Dex+3}
 38256 | Depths:4 | Gained mutation: You occasionally shout uncontrollably at
                  | your foes. [mutagenic glow]
 38277 | Depths:4 | Gained mutation: You are weak. (Str -2) [mutagenic glow]
 38278 | Depths:4 | Lost mutation: You are weak. (Str -2) [potion of mutation]
 38278 | Depths:4 | Lost mutation: You occasionally shout uncontrollably at
                  | your foes. [potion of mutation]
 38278 | Depths:4 | Gained mutation: You are strong-willed. (Will+) [potion of
                  | mutation]
 38278 | Depths:4 | Gained mutation: You have a pair of small horns on your
                  | head. [potion of mutation]
 38278 | Depths:4 | Gained mutation: Your mind is acute. (Int +4, Str/Dex -1)
                  | [potion of mutation]
 38279 | Depths:4 | Lost mutation: Your mind is acute. (Int +4, Str/Dex -1)
                  | [potion of mutation]
 38279 | Depths:4 | Lost mutation: You are strong-willed. (Will+) [potion of
                  | mutation]
 38279 | Depths:4 | Gained mutation: You are occasionally teleported next to
                  | monsters. [potion of mutation]
 38280 | Depths:4 | Lost mutation: You have a pair of small horns on your head.
                  | [potion of mutation]
 38280 | Depths:4 | Lost mutation: You are occasionally teleported next to
                  | monsters. [potion of mutation]
 38280 | Depths:4 | Gained mutation: You sometimes lose your temper in combat.
                  | [potion of mutation]
 38280 | Depths:4 | Gained mutation: You are partially covered in iridescent
                  | scales. (AC +2) [potion of mutation]
 38612 | Vaults:1 | Entered Level 1 of the Vaults
 38746 | Vaults:1 | You are sucked into a shaft and drop 1 floor!
 38932 | Vaults:2 | Identified the +0 chain mail "Imuilod" {rPois Str+3 Int+2
                  | Dex+3}
 39001 | Vaults:2 | Identified the +6 scale mail "Yfumal" {Will++ Int+7}
 39431 | Vaults:2 | Reached XP level 24. HP: 149/179 MP: 27/36
 40624 | Vaults:3 | Found a staircase to the Crypt.
 41197 | Crypt:1  | Entered Level 1 of the Crypt
 42471 | Crypt:2  | Reached skill level 19 in Fighting
 43093 | Crypt:3  | Entered Level 3 of the Crypt
 43206 | Crypt:3  | Reached XP level 25. HP: 186/186 MP: 27/36
 43614 | Crypt:3  | Found a staircase to the Tomb.
 44074 | Crypt:3  | Noticed Sojobo
 44080 | Crypt:3  | Noticed a dread lich
 44097 | Crypt:3  | Paralysed by an air elemental for 1 turns
 44105 | Crypt:3  | Killed Sojobo
 44108 | Crypt:3  | Killed a dread lich
 44364 | Crypt:3  | Found an ancient bone altar of Kikubaaqudgha.
 45007 | Crypt:1  | Lost mutation: You are partially covered in iridescent
                  | scales. (AC +2) [potion of mutation]
 45007 | Crypt:1  | Lost mutation: You sometimes lose your temper in combat.
                  | [potion of mutation]
 45007 | Crypt:1  | Gained mutation: You are strong-willed. (Will+) [potion of
                  | mutation]
 45007 | Crypt:1  | Gained mutation: [You do not regenerate when monsters are
                  | visible.] [potion of mutation]
 45007 | Crypt:1  | Gained mutation: You occasionally lose the ability to read
                  | scrolls when taking damage. [potion of mutation]
 45008 | Crypt:1  | Lost mutation: You occasionally lose the ability to read
                  | scrolls when taking damage. [potion of mutation]
 45008 | Crypt:1  | Lost mutation: You are strong-willed. (Will+) [potion of
                  | mutation]
 45008 | Crypt:1  | Lost mutation: [You do not regenerate when monsters are
                  | visible.] [potion of mutation]
 45008 | Crypt:1  | Gained mutation: Your muscles are strong. (Str +4, Int/Dex
                  | -1) [potion of mutation]
 45411 | Vaults:4 | Paralysed by a sphinx for 4 turns
 45977 | Vaults:5 | Entered Level 5 of the Vaults
 45986 | Vaults:5 | Reached XP level 26. HP: 143/195 MP: 28/37
 46297 | Vaults:5 | Reached skill level 20 in Fighting
 46559 | Vaults:5 | Got a silver rune of Zot
 46672 | Vaults:5 | Noticed an ancient lich
 46690 | Vaults:5 | Killed an ancient lich
 46696 | Vaults:5 | Identified the +6 fire dragon scales of Bitterness {rPois
                  | rF++ rC-}
 46952 | Vaults:5 | Noticed Boris
 46965 | Vaults:5 | Killed Boris
 47065 | Vaults:5 | Found Onkisilo's Distillery.
 47072 | Vaults:5 | Bought a potion of resistance for 180 gold pieces
 47072 | Vaults:5 | Bought a potion of haste for 180 gold pieces
 47072 | Vaults:5 | Bought a potion of curing for 54 gold pieces
 47072 | Vaults:5 | Bought a potion of invisibility for 144 gold pieces
 47072 | Vaults:5 | Bought a potion of curing for 54 gold pieces
 47448 | Vaults:5 | Identified the ring of Ximiunuj {+Blink rC+ Dex+3 Stlth+}
 47644 | Vaults:5 | Found Onkeakhli's Antique Weapon Shoppe.
 47655 | Vaults:5 | Got the Directory of Changing and Evil
 48328 | D:12     | Killed unrecovered's ghost
 48330 | D:12     | Identified the +0 pair of boots of Plasticity {Will- Int+2
                  | Dex+5}
 49218 | Depths:4 | Killed a juggernaut
 49793 | Depths:4 | Killed KamiKatze's ghost
 49794 | Depths:4 | Reached XP level 27. HP: 174/203 MP: 27/37
 50055 | Depths:4 | Identified the +1 hat "Waxub" {Int-4 Dex+7}
 50056 | Depths:4 | Identified the -1 pair of gloves "Fupuamau" {-Tele rElec
                  | rN+}
 50057 | Depths:4 | Identified the +8 halberd of Coifisoch {elec, rElec rPois
                  | Will- Dex+3}
 50113 | Depths:4 | Voluntarily entered the Abyss.
 50113 | Abyss:2  | Found a corrupted altar of Lugonu.
 50153 | Abyss:3  | Found a corrupted altar of Lugonu.
 50793 | Abyss:3  | Reached skill level 21 in Fighting
 50878 | Abyss:3  | Paralysed by accursed screaming for 1 turns
 50901 | Abyss:3  | Paralysed by accursed screaming for 1 turns
 50922 | Abyss:3  | Got an abyssal rune of Zot
 51107 | Depths:4 | Escaped the Abyss
 51285 | Orc:1    | Bought an amulet of reflection for 480 gold pieces
 51322 | Elf:1    | Entered Level 1 of the Elven Halls
 51675 | Elf:1    | Found Vulivus's Assorted Antiques.
 52194 | Elf:2    | Found a runed translucent gate.
 52440 | Elf:2    | Found a runed translucent gate.
 52441 | Elf:2    | Found a runed translucent gate.
 52477 | Elf:2    | Found Kenugog's Armour Shop.
 52712 | Elf:2    | Reached skill level 22 in Fighting
 52717 | Elf:2    | Reached skill level 1 in Shields
 53035 | Elf:3    | Entered Level 3 of the Elven Halls
 53253 | Elf:3    | Reached skill level 5 in Shields
 53745 | Elf:3    | Identified the +1 ring mail of Roema {rN+}
 53757 | Elf:3    | Identified the +11 war axe of Xegige {speed, MP-9 Int+6}
 54026 | Elf:3    | Identified the ring of Hupn {MP-9 Str+4 Int-3 Dex+10 SInv}
 54141 | Elf:3    | Identified the +9 sling of Righteous Anger {speed, Fly
                  | rCorr Stlth-}
 54144 | Elf:3    | Identified the +1 hand axe "Qomig" {spect, rPois rC+ Int+2}
 54175 | Elf:3    | Identified the +7 longbow "Giqo" {vorpal, rCorr Int+2
                  | Stlth-}
 54190 | Elf:3    | Identified the amulet of Luolysu {Spirit -Cast Regen+ Str+6
                  | Slay+2}
 54247 | Elf:3    | Got Kuto's Incunable of the Harmful Undead
 54542 | Slime:1  | Entered Level 1 of the Pits of Slime
 54831 | Slime:2  | Reached skill level 10 in Shields
 55642 | Slime:3  | Reached skill level 1 in Spellcasting
 56206 | Slime:4  | Gained mutation: [You occasionally lose the ability to
                  | drink potions when taking damage.] [a shining eye]
 56546 | Slime:4  | Gained mutation: You occasionally shout uncontrollably at
                  | your foes. [a shining eye]
 56585 | Slime:4  | Reached skill level 5 in Spellcasting
 56773 | Slime:5  | Entered Level 5 of the Pits of Slime
 56819 | Slime:5  | Noticed the Royal Jelly
 56830 | Slime:5  | Banished the Royal Jelly
 56866 | Slime:5  | Found the +8 autumn katana {vorpal, manifold assault}
 56867 | Slime:5  | Found a viscous altar of Jiyva.
 57009 | Slime:5  | Gained mutation: [You sometimes lose the ability to drink
                  | potions when taking damage.] [a shining eye]
 57632 | Lair:5   | Voluntarily entered the Abyss.
 57730 | Abyss:4  | Found a shimmering blue altar of Sif Muna.
 57744 | Abyss:4  | Found a shimmering blue altar of Sif Muna.
 57865 | Lair:5   | Escaped the Abyss
 57950 | Lair:5   | Voluntarily entered the Abyss.
 58043 | Abyss:4  | Found a stormy altar of Qazlal.
 58062 | Abyss:4  | Killed the Royal Jelly
 58070 | Abyss:4  | Reached skill level 23 in Fighting
 58086 | Lair:5   | Escaped the Abyss
 58337 | Slime:5  | Identified the +5 war axe of Meager Courage {drain, rN+}
 58370 | Slime:5  | Got a slimy rune of Zot
 58372 | Slime:5  | Got the Almanac of Striking
 58729 | Zot:1    | Entered Level 1 of the Realm of Zot
 59421 | Zot:1    | Identified the ring "Miucem" {rPois Str+6 Stlth+}
 59439 | Zot:1    | Identified the ring "Guyhoceq" {rPois Will++ MP+9 Int+2
                  | Slay-6}
 59457 | Zot:1    | Identified the +6 trident of the Sky {pain, rN+}
 59492 | Zot:1    | Identified the ring "Huerrimp" {rElec Will++ rCorr AC+4
                  | Dex-4}
 60220 | Zot:2    | Reached skill level 24 in Fighting
 60349 | Zot:2    | Identified the +1 helmet of Pan-Flutes {rF+ Int+2}
 62906 | Zot:4    | Noticed a Killer Klown
 62925 | Zot:4    | Killed a Killer Klown
 63256 | Zot:5    | Entered Level 5 of the Realm of Zot
 63376 | Zot:5    | Got Jemanov's Quarto of Charred Vapour
 64279 | Zot:5    | Noticed a dread lich
 64291 | Zot:5    | Banished a dread lich
 64317 | Zot:5    | Noticed a Killer Klown
 64344 | Zot:5    | Killed a Killer Klown
 64344 | Zot:5    | Noticed an orb of fire
 64351 | Zot:5    | Noticed a dread lich
 64355 | Zot:5    | Killed an orb of fire
 64357 | Zot:5    | Noticed a Killer Klown
 64360 | Zot:5    | Killed a dread lich
 64370 | Zot:5    | Killed a Killer Klown
 64525 | Zot:5    | Noticed an ancient lich
 64540 | Zot:5    | Killed an ancient lich
 64896 | Zot:5    | Noticed an ancient lich
 64914 | Zot:5    | Killed an ancient lich
 65388 | Zot:5    | Noticed a Killer Klown
 65405 | Zot:5    | Killed a Killer Klown
 66187 | Zot:5    | Noticed an ancient lich
 66199 | Zot:5    | Killed an ancient lich
 66287 | Zot:5    | Noticed an orb of fire
 66293 | Zot:5    | Noticed a dread lich
 66295 | Zot:5    | Killed an orb of fire
 66304 | Zot:5    | Killed a dread lich
 66304 | Zot:5    | Noticed a dread lich
 66308 | Zot:5    | Killed a dread lich
 66310 | Zot:5    | Noticed an ancient lich
 66315 | Zot:5    | Noticed a dread lich
 66318 | Zot:5    | Killed an ancient lich
 66324 | Zot:5    | Noticed an ancient lich
 66325 | Zot:5    | Killed a dread lich
 66329 | Zot:5    | Killed an ancient lich
 66358 | Zot:5    | Noticed an ancient lich
 66360 | Zot:5    | Killed an ancient lich
 67195 | Depths:2 | Bought an ichor-stained chain mail for 275 gold pieces
 67195 | Depths:2 | Identified the +0 chain mail of the Constellations {Dex+5}
                  | (You bought it in a shop on level 2 of the Depths)
 67234 | Hell     | Entered the Vestibule of Hell
 67234 | Hell     | Noticed Geryon
 67250 | Hell     | Killed Geryon
 67440 | Hell     | Found a gateway to the ashen valley of Gehenna.
 67550 | Hell     | Found a gateway to the Iron City of Dis.
 67653 | Hell     | Found a gateway to the freezing wastes of Cocytus.
 67814 | Hell     | Found a gateway to the decaying netherworld of Tartarus.
 68265 | Tomb:1   | Entered Level 1 of the Tomb of the Ancients
 69320 | Tomb:1   | Noticed a royal mummy
 69329 | Tomb:1   | Killed a royal mummy
 70187 | Pan      | Entered Pandemonium
 70325 | Pan      | Identified the +0 robe of Iwaut {+Blink}
 70787 | Pan      | Lost mutation: [You sometimes lose the ability to drink
                  | potions when taking damage.] [potion of mutation]
 70787 | Pan      | Lost mutation: [You occasionally lose the ability to drink
                  | potions when taking damage.] [potion of mutation]
 70787 | Pan      | Gained mutation: You are agile. (Dex +4, Str/Int -1)
                  | [potion of mutation]
 70793 | Pan      | Noticed Kiabb the pandemonium lord
 70818 | Pan      | Killed Kiabb the pandemonium lord
 70819 | Pan      | Reached skill level 25 in Fighting
 71022 | Pan      | Noticed Feton Xudu the pandemonium lord
 71023 | Pan      | Gained mutation: You frequently scream uncontrollably at
                  | your foes. [a cacodemon]
 71042 | Pan      | Killed Feton Xudu the pandemonium lord
 71321 | Pan      | Found a runed translucent door.
 71333 | Pan      | Got a demonic rune of Zot
 71698 | Pan      | Gained mutation: You occasionally lose the ability to read
                  | scrolls when taking damage. [a cacodemon]
 72047 | Pan      | Reached skill level 26 in Fighting
 72182 | Pan      | Lost mutation: Your muscles are strong. (Str +4, Int/Dex
                  | -1) [potion of mutation]
 72182 | Pan      | Lost mutation: You frequently scream uncontrollably at your
                  | foes. [potion of mutation]
 72182 | Pan      | Lost mutation: You are agile. (Dex +4, Str/Int -1) [potion
                  | of mutation]
 72182 | Pan      | Gained mutation: Your mind is acute. (Int +4, Str/Dex -1)
                  | [potion of mutation]
 72182 | Pan      | Gained mutation: You passively map a small area around you.
                  | [potion of mutation]
 72182 | Pan      | Gained mutation: [You are frail. (-10% HP)] [potion of
                  | mutation]
 72182 | Pan      | Gained mutation: You passively dampen the noise of your
                  | surroundings. [potion of mutation]
 72183 | Pan      | Lost mutation: Your mind is acute. (Int +4, Str/Dex -1)
                  | [potion of mutation]
 72183 | Pan      | Lost mutation: [You are frail. (-10% HP)] [potion of
                  | mutation]
 72183 | Pan      | Lost mutation: You occasionally lose the ability to read
                  | scrolls when taking damage. [potion of mutation]
 72183 | Pan      | Gained mutation: Your muscles are strong. (Str +4, Int/Dex
                  | -1) [potion of mutation]
 72183 | Pan      | Gained mutation: Armour fits poorly on your strangely
                  | shaped body. [potion of mutation]
 72183 | Pan      | Lost mutation: Armour fits poorly on your strangely shaped
                  | body. [potion of mutation]
 72183 | Pan      | Gained mutation: You expend magic power (3 MP) to
                  | strengthen your wands. [potion of mutation]
 72429 | Pan      | Noticed Xinaocop the pandemonium lord
 72442 | Pan      | Killed Xinaocop the pandemonium lord
 72665 | Pan      | Identified the +1 morningstar "Tyast" {vorpal, Fly rElec
                  | Str+4}
 72778 | Pan      | Found an exit through the horrors of the Abyss.
 72782 | Pan      | Took an exit into the Abyss.
 72782 | Abyss:4  | Escaped into the Abyss
 72798 | Abyss:4  | Found a corrupted altar of Lugonu.
 72804 | Depths:2 | Escaped the Abyss
 73540 | Depths:3 | Killed an ancient lich
 73548 | Depths:3 | Killed a dread lich
 73640 | Zig:1    | Entered Level 1 of a ziggurat
 73660 | Zig:2    | Entered Level 2 of a ziggurat
 73682 | Zig:3    | Entered Level 3 of a ziggurat
 73682 | Zig:3    | Noticed an ancient lich
 73692 | Zig:3    | Killed an ancient lich
 73702 | Zig:4    | Entered Level 4 of a ziggurat
 73724 | Zig:4    | Identified the +6 short sword of Makhleb {venom, rElec rN+
                  | Dex+5}
 73725 | Zig:4    | Identified the ring "Hait" {MP+9 Int+6 Slay+3}
 73784 | Zig:5    | Entered Level 5 of a ziggurat
 73812 | Zig:5    | Identified the ring "Cicubbab" {Wiz rElec rF+}
 73825 | Zig:6    | Entered Level 6 of a ziggurat
 73851 | Zig:6    | Reached skill level 27 in Fighting
 73921 | Zig:7    | Entered Level 7 of a ziggurat
 73971 | Zig:7    | Identified the +9 hand axe of Infinite Pain {drain, rN+
                  | rCorr}
 73987 | Zig:8    | Entered Level 8 of a ziggurat
 74000 | Zig:8    | Noticed a shard shrike
 74003 | Zig:8    | Banished a shard shrike
 74059 | Zig:9    | Entered Level 9 of a ziggurat
 74102 | Zig:9    | Identified 2 scrolls of acquirement
 74117 | Zig:9    | Acquired the +4 helmet "Riasi" {*Slow rElec rF- Str+8}
 74118 | Zig:9    | Acquired the ring "Hifehean" {rN+ MP+9 Str+2}
 74128 | Zig:9    | Got the Papyrus of Reshaped Gusts
 74211 | Zig:10   | Entered Level 10 of a ziggurat
 74249 | Zig:10   | Paralysed by accursed screaming for 2 turns
 74386 | Zig:11   | Entered Level 11 of a ziggurat
 74396 | Zig:11   | Noticed an orb of fire
 74396 | Zig:11   | Noticed an orb of fire
 74398 | Zig:11   | Noticed an orb of fire
 74398 | Zig:11   | Noticed an orb of fire
 74403 | Zig:11   | Gained mutation: Your magical capacity is low. (-10% MP)
                  | [an orb of fire]
 74404 | Zig:11   | Noticed an orb of fire
 74405 | Zig:11   | Lost mutation: You passively dampen the noise of your
                  | surroundings. [an orb of fire]
 74406 | Zig:11   | Noticed an orb of fire
 74408 | Zig:11   | Gained mutation: You occasionally lose the ability to read
                  | scrolls when taking damage. [an orb of fire]
 74409 | Zig:11   | Gained mutation: Your magical capacity is very low. (-20%
                  | MP) [an orb of fire]
 74415 | Zig:11   | Gained mutation: You sometimes lose the ability to read
                  | scrolls when taking damage. [an orb of fire]
 74416 | Zig:11   | Killed from afar by an orb of fire

Illustrated notes

Levels and vault maps discovered:
D:1:      dpeg_arrival_brainrot, layout_basic
D:2:      layout_loops_ring, basic_altar, serial_shops, shop,
          dreamdust_ecumenical_altar_statues, nrook_uturn
D:3:      layout_loops_cross, nicolae_overflow_ecumenical_swirl, st_stairs_11,
          minmay_misc_feat_ornament
D:4:      layout_gridville, gup_sewer_entry_glass
D:5:      layout_basic, minmay_temple_entry_crystal_x, skrybe_limestone_x,
          uniq_prince_ribbit1, uniq_sigmund, uniq_duvessa
D:6:      wander_river, layout_rooms, chequers_temple_overflow_minitemple
D:7:      layout_basic, enter_bailey_6
D:8:      layout_loops_ring
D:9:      layout_loops_cross, minivault_25_ag
D:10:     layout_roguey, due_lair_maze_entry_diamond
D:11:     kennysheep_blocky_room, layout_stronghold, mrwooster_statue_mirror,
          nicolae_ru_the_path_less_chosen, uniq_maurice
D:12:     layout_cross, david_orc_4, gammafunk_ghost_berserking_beasts,
          uniq_fannar
D:13:     minmay_skewed_foursquare, layout_cave_pools, david_vaults_1
D:14:     layout_irregular_city, nemelex_altar_shiori,
          yredelemnul_forgotten_temple_becter
D:15:     grunt_enter_depths_magical_seal, layout_rooms, uniq_azrael,
          uniq_josephine
Temple:   regret_index_temple_chain_breaker
Lair:1:   layout_cave_pods, minmay_hedge_maze, dreamdust_mushroom_princess,
          grunt_megastairs_2
Lair:2:   layout_layer_cave, elwin_shoals_entry_rooms
Lair:3:   layout_misc_corridors, spider_nest_entry_rubble,
          gammafunk_ghost_cemetery, infiniplex_staircase_pool, uniq_snorg,
          uniq_amaemon, uniq_nergalle
Lair:4:   layout_misc_corridors, slime_entry_1, uniq_nessos
Lair:5:   hellmonk_lair_end_abyssal_woods, layout_cave_shapes,
          nicolae_lair_yak_garden, grunt_megastairs_3, serial_bayou_shore_a
Shoals:1: layout_shoals
Shoals:2: layout_shoals
Shoals:3: layout_shoals
Shoals:4: shoals_end_simple, layout_shoals, nicolae_shoals_lost_giant_temple
Spider:1: layout_cave_pods
Spider:2: layout_spider_delve, worms_lemuel, uniq_aizul
Spider:3: layout_spider_delve, nicolae_spider_webbed_stairs,
          hangedman_spider_tarantella_strand, uniq_arachne
Spider:4: grunt_spider_rune_circles
Slime:1:  layout_caves
Slime:2:  layout_caves
Slime:3:  layout_caves
Slime:4:  layout_caves
Slime:5
Orc:1:    layout_diamond_mine, minmay_shop_enchanted_jewellery, uniq_jorgrun,
          uniq_erolcha
Orc:2:    grunt_orc_tribal_feast, layout_caves, serial_shops,
          nicolae_lakefront_shop, uniq_donald
Elf:1:    minmay_elf_arrival_summoners, layout_loops_cross, serial_shops,
          nicolae_shop_crystal, hangedman_elf_disciples
Elf:2:    elven_hall_of_blades_hangedman_original
          [nicolae_vaults_blade_armed_guards], layout_onion_city, serial_shops,
          shop, drop_trap, minmay_crystal_room, corexii_hall_statues_u,
          lemuel_flamethrower_2
Elf:3:    minmay_elf_hall_not_hex, layout_geoelf_grid
Vaults:1: vaults_dpeg_cross, ontoclasm_vaults_idyll, gammafunk_sealed_arena,
          nicolae_vaults_rhombus_5, nicolae_vaults_stairing_the_circle,
          v_misc_4, vaults_standard_mumra_x, ontoclasm_vaults_tryst,
          hangedman_vaults_maws, vaults_dpeg_diagonal, vaults_room_grid,
          ontoclasm_vaults_ring_small, nicolae_vaults_yaktaur_gun_rack,
          vaults_mumra_lcd, layout_vaults_omnibox
Vaults:2: v_pattern_4, ontoclasm_vaults_ring_small, vaults_room_stairs_pillars,
          ontoclasm_vaults_claustrophobia, vaults_mumra_bighexcomb,
          nicolae_vaults_little_ls, hangedman_vaults_maws, v_misc_16,
          nicolae_vaults_rhombus_7, vaults_dpeg_hooks,
          nicolae_vaults_little_squares_3, layout_vaults_quadrants
Vaults:3: minmay_crypt_entry_nasty_monster, vaults_room_boxed,
          vaults_mumra_chevron, vaults_room_guarded_vault,
          grunt_vaults_hallway_short, grunt_vaults_funnel,
          hangedman_vaults_corner_blocks, vaults_room_grunt_arrival_ludios,
          vaults_room_ringed_pool, v_pattern_1, hangedman_vaults_stream,
          vaults_room_fours, layout_vaults_omnicross
Vaults:4: v_misc_25, vaults_mumra_minichess_inversion,
          vaults_standard_mumra_enter_the_diamond, vaults_mumra_hexcomb,
          nicolae_vaults_little_squares_4, ontoclasm_vaults_ligature,
          nicolae_vaults_mini_display_case, nicolae_vaults_rhombus_5, v_misc_5,
          ontoclasm_vaults_shuriken, layout_vaults_big_room
Vaults:5: serial_shops, uniq_boris
Crypt:1:  layout_misc_corridors
Crypt:2:  layout_misc_corridors, eino_tiny_chamber
Crypt:3:  evilmike_haunted_forest, uniq_sojobo, uniq_josephina
Tomb:1
Depths:1: layout_gridville, minmay_room_of_horrors, hell_entry,
          corexii_hall_statues_t, dancing_weapons_uskayaw, grunt_megastairs_4
Depths:2: thingy_vault_2, layout_long_grid, hell_entry, grunt_pan_entry_sceptre,
          infiniplex_staircase_pool_lava, minmay_shop_star
Depths:3: pf_snail_temple, layout_gridlike, enter_ziggurat_c, abyss_entry,
          hell_entry, grunt_gozag_statues
Depths:4: grunt_twist_and_shout, layout_gridlike, lightli_too_deep,
          gammafunk_ghost_tricky_traps, abyss_entry, kennysheep_pointless_box,
          uniq_enchantress
Hell
Zot:1:    layout_cathedral_of_symmetry, st_large_dragon_hoard_2
Zot:2:    layout_basic, st_single_dragon_hoard_3
Zot:3:    layout_basic, grunt_ministairs_4
Zot:4:    layout_gridlike, grunt_ministairs_10, lemuel_baited_zot_trap
Zot:5:    layout_basic
Zig:11

Skill      XL: |  1  2  3  4  5  6  7  8  9 10 11 12 13 14 15 16 17 18 19 20 21 22 23 24 25 26 27 |
---------------+----------------------------------------------------------------------------------+-----
Fighting       | 4 5 6 8 9 11 12 13 14 16 17 18 19 20 27 | 27.0
Dodging        | 4 5 6 8 9 11 12 13 14 16 17 18 19 20 24 | 24.0
Polearms       | 4 5 6 8 9 11 12 13 14 16 17 18 19 20 25 | 25.7
Armour         | 2 14 16 17 18 19 20 24 | 24.0
Invocations    | 8 14 16 17 18 19 20 21 24 | 24.0
Shields        | 12 | 12.0
Spellcasting   | 9 |  9.0
Stealth        | |  2.0

Action                   |  1- 3 |  4- 6 |  7- 9 | 10-12 | 13-15 | 16-18 | 19-21 | 22-24 | 25-27 || total
-------------------------+-------+-------+-------+-------+-------+-------+-------+-------+-------++-------
Melee: Spear             |    50 |     8 |       |       |       |       |       |       |       ||    58
       Halberd           |       |    30 |   197 |   438 |   853 |  1199 |   618 |  1193 |   780 ||  5308
       Demon trident     |       |       |       |       |       |       |       |       |  2914 ||  2914
 Fire: Sling             |    26 |    51 |       |       |       |       |       |       |       ||    77
Throw: Throwing net      |       |       |       |       |     1 |       |       |       |       ||     1
       Javelin           |       |       |       |       |       |       |       |       |     3 ||     3
Invok: Ancestor Life: Kn |     1 |       |       |       |       |       |       |       |       ||     1
       Ancestor Identity |       |     1 |       |       |       |       |       |       |       ||     1
       Recall Ancestor   |       |     1 |     2 |     1 |     3 |     2 |       |     5 |    23 ||    37
       Idealise          |       |       |       |       |     2 |     3 |     3 |     1 |    27 ||    36
       Transference      |       |       |       |       |     1 |     1 |     1 |       |    20 ||    23
Evoke: Wand              |       |       |     2 |       |     6 |       |     1 |       |     2 ||    11
       Phantom mirror    |       |       |       |       |       |       |       |       |     2 ||     2
  Use: Potion            |     1 |       |     1 |     1 |     2 |     2 |     5 |     8 |    40 ||    60
       Scroll            |       |    16 |     5 |    11 |    11 |     8 |     4 |     7 |    19 ||    81
 Stab: Sleeping          |     1 |     3 |     1 |    11 |     5 |       |       |       |       ||    21
       Distracted        |       |       |       |     9 |     7 |    10 |    13 |    11 |    85 ||   135
       Paralysed         |       |       |       |       |     3 |       |       |       |       ||     3
       Petrified         |       |       |       |       |     7 |       |       |       |       ||     7
       Invisible         |       |       |       |       |       |       |       |       |     5 ||     5
Armor: Robe              |     4 |       |       |    44 |    47 |    10 |       |       |       ||   105
       Leather armour    |     4 |     2 |    31 |     4 |       |       |       |       |       ||    41
       Troll leather arm |       |       |       |    38 |    81 |       |       |       |       ||   119
       Gold dragon scale |       |       |       |       |       |   586 |   388 |   474 |   926 ||  2374
Dodge: Dodged            |    19 |    19 |    85 |   307 |   456 |   577 |   260 |   440 |  1380 ||  3543
Block: Buckler           |       |       |       |       |       |       |       |       |   681 ||   681
       Reflection        |       |       |       |       |       |       |       |       |    27 ||    27
